Map: New Gettysburg LE

Players

Nickos - Winner!

  • Race: Terran Terran
  • League: Gold

eeeto

  • Race: Terran Terran

VOD

Have the link to the VOD?

Description

Time

  • Played on: Oct. 1, 2016, 6:22 a.m.
  • Length: 17:02
Show
View Real Time Build Order
Export as new Build Order

Nickos Terran - Winner!

Build Orders: Reaper Expand 

Get SALT Encoding   

  12  0:05  SCV  
  13  0:17  SCV  
  13  0:21  Supply Depot  
  14  0:29  SCV  
  15  0:42  SCV  
  16  0:44  Barracks  
  16  0:54  Refinery, SCV  
  17  1:06  SCV  
  18  1:18  SCV  
  19  1:34  Orbital Command  
  19  1:38  Reaper  
  20  1:46  Command Center  
  20  2:01  SCV  
  21  2:07  Barracks  
  21  2:12  Supply Depot  
  21  2:13  SCV  
  21  2:25  SCV  
  22  2:32  Barracks Reactor  
  22  2:34  Factory  
  22  2:43  SCV  
  23  2:50  Refinery  
  23  2:55  SCV  
  23  3:07  Orbital Command  
  23  3:09  Barracks Tech Lab  
  23  3:12  SCV  
  24  3:14  Marine  
  24  3:15  Marine  
  26  3:23  Supply Depot  
  26  3:26  Starport  
  26  3:28  Factory Reactor, Marine  
  26  3:32  Marine  
  26  3:33  SCV  
  26  3:34  SCV  
  30  3:38  Marine  
  31  3:46  Stimpack, Marine, SCV x2  
  34  3:53  Supply Depot, Marine  
  35  3:58  Marine, SCV x2  
  38  4:04  Marine  
  39  4:10  SCV x2  
  39  4:12  Marine  
  39  4:13  Medivac  
  39  4:16  Marine  
  45  4:22  SCV  
  45  4:23  Medivac  
  48  4:24  Marine  
  48  4:27  Supply Depot  
  48  4:29  SCV  
  48  4:30  Marine  
  51  4:34  SCV  
  52  4:41  SCV  
  52  4:44  Marine x2  
  55  4:46  SCV  
  55  4:47  Factory Tech Lab  
  55  4:48  Marine  
  57  4:53  SCV  
  57  4:58  Medivac, SCV  
  60  5:05  Bunker, SCV  
  61  5:10  SCV, Marine x3  
  65  5:14  Siege Tank  
  68  5:27  Marine  
  68  5:28  Marine x2  
  49  5:45  Liberator, Marine x2  
  49  5:46  Marine  
  44  5:56  SCV x2  
  45  6:03  Marine x3  
  45  6:04  Medivac  
  53  6:08  SCV  
  54  6:15  Engineering Bay x2  
  54  6:16  Refinery  
  54  6:21  Marine x3  
  54  6:22  SCV x2  
  59  6:26  Siege Tank  
  59  6:29  Supply Depot  
  61  6:34  SCV  
  61  6:39  Marine  
  63  6:40  SCV  
  63  6:41  Terran Infantry Weapons Level 1  
  63  6:46  SCV  
  65  6:58  Marine x2  
  65  6:59  Marine  
  68  7:04  Medivac  
  70  7:08  Terran Infantry Armor Level 1  
  70  7:16  Marine  
  71  7:27  Liberator  
  66  7:31  Marine x2  
  66  7:34  Marine  
  70  7:49  Marine x2  
  72  7:51  Marine  
  72  7:58  Siege Tank  
  76  8:06  Marine  
  76  8:07  Marine  
  78  8:27  Liberator  
  71  8:42  Liberator  
  71  8:43  Marine x3  
  76  9:01  Marine x2  
  74  9:07  Marine  
  74  9:08  Siege Tank  
  69  9:18  Marine  
  69  9:19  Marine  
  69  9:22  Barracks x3  
  69  9:23  Barracks  
  71  9:24  Marine  
  71  9:26  Command Center  
  71  9:27  Medivac  
  74  9:43  Marauder  
  76  9:46  Medivac  
  78  10:21  Liberator  
  78  10:38  Marauder, Siege Tank, Marine x2  
  80  10:55  Marine x2  
  78  10:59  Marine  
  70  11:13  Marine x2  
  70  11:17  Marine  
  60  11:25  SCV x2  
  61  11:31  Marine x2  
  63  11:35  Marine  
  63  11:36  Liberator  
  63  11:37  SCV x2  
  66  11:49  Marine x2  
  66  11:52  Marine  
  72  11:57  Orbital Command  
  102  12:01  Orbital Command  
  72  12:07  Marine x2  
  74  12:08  Command Center  
  74  12:10  Marine  
  74  12:12  Missile Turret  
  75  12:24  Marine x2  
  75  12:28  Marine  
  78  12:32  Missile Turret  
  78  12:46  Marine  
  78  12:53  Missile Turret  
  78  12:59  Orbital Command  
  78  13:05  Marine x3  
  80  13:06  Orbital Command  
  81  13:13  Missile Turret  
  81  13:23  Marine x3  
  84  13:40  Marine  
  84  13:41  Marine x2  
  58  13:58  Marine x2  
  50  14:09  Medivac  
  49  14:26  Marine  
  49  14:27  Marine x2  
  52  14:38  SCV x2  
  53  14:44  Marine x2  
  53  14:45  Marine  
  57  14:50  SCV  
  47  15:02  Marine x3  
  39  15:20  Marine x3  
  36  15:38  Marine x2  
  33  15:57  Marine x6  
  38  16:14  Marine  
  38  16:17  Marine x2  
  38  16:18  Marine x3  
  44  16:32  Marine  
  43  16:35  Marine x3  
  43  16:36  Marine x2  
Show
View Real Time Build Order
Export as new Build Order

eeeto Terran 

Build Orders: MMM Bio 

Get SALT Encoding   

  12  0:01  SCV  
  13  0:14  SCV  
  14  0:18  Supply Depot  
  14  0:26  SCV  
  15  0:40  SCV  
  15  0:42  Barracks  
  16  0:47  Refinery  
  16  0:54  SCV  
  17  1:02  Barracks  
  17  1:11  Supply Depot  
  17  1:15  SCV  
  18  1:27  SCV  
  19  1:34  Reaper  
  19  1:39  SCV  
  21  1:51  Orbital Command  
  21  1:52  Marine  
  22  1:58  Refinery  
  22  2:13  Factory  
  22  2:25  Marine  
  22  2:27  Barracks Reactor  
  23  2:30  SCV  
  24  2:42  SCV  
  24  2:48  Marine  
  25  2:55  SCV  
  25  2:56  Supply Depot  
  26  3:09  Factory Reactor, Starport, Marine x2  
  26  3:11  Barracks Tech Lab  
  28  3:14  SCV  
  29  3:27  Supply Depot, Marine x2  
  29  3:29  Marine  
  29  3:30  Stimpack  
  32  3:45  Marine x2, SCV  
  32  3:47  Marine  
  36  3:51  Supply Depot  
  36  3:59  Medivac x2  
  36  4:01  Widow Mine  
  42  4:09  Marine x2  
  44  4:19  Marine  
  45  4:26  Command Center  
  45  4:33  Marine x2  
  45  4:37  Marine  
  48  4:39  Factory Tech Lab  
  48  4:41  Viking  
  50  4:48  Supply Depot  
  50  4:51  SCV  
  51  5:04  Marine x2  
  51  5:05  Marauder  
  55  5:10  SCV  
  48  5:31  Combat Shields  
  47  5:38  Marine x2  
  47  5:39  Marauder  
  48  6:03  Marine x2  
  52  6:04  Marauder  
  52  6:05  Liberator  
  52  6:06  Orbital Command, SCV  
  53  6:14  Siege Tank  
  56  6:18  SCV  
  56  6:19  Medivac  
  56  6:24  Marine x2  
  64  6:30  Barracks, SCV  
  65  6:38  Marine  
  66  6:41  Marine x2  
  66  6:46  Siege Tank  
  71  6:48  SCV x2  
  73  6:57  Marauder  
  75  7:08  Marine x2  
  71  7:53  Marine x2  
  71  7:55  Marine  
  71  7:56  Barracks Reactor  
  74  8:03  SCV x2  
  76  8:05  Refinery  
  76  8:06  Refinery  
  73  8:15  SCV x2  
  73  8:18  Command Center  
  63  8:58  Marine x2  
  63  8:59  Marine x2  
  60  9:20  Marine x4  
  60  9:21  Marauder  
  60  9:23  Concussive Shells  
  66  9:30  Orbital Command  
  66  9:39  Command Center, SCV  
  66  9:40  SCV  
  66  9:45  Engineering Bay  
  68  9:49  Engineering Bay  
  68  9:51  Supply Depot, SCV  
  68  9:52  Supply Depot, SCV  
  70  10:01  Supply Depot  
  70  10:02  Medivac x2  
  70  10:04  SCV x2  
  76  10:08  Marine x4  
  76  10:09  Marauder  
  82  10:24  Supply Depot  
  66  11:13  Marine x2  
  66  11:14  Marauder, Marine x2  
  66  11:16  SCV x2  
  68  11:18  Orbital Command  
  61  11:28  SCV x2  
  63  11:36  Marauder  
  65  11:45  Marine x2  
  65  11:46  Marine x2  
  69  11:48  Terran Infantry Weapons Level 1, Terran Infantry Armor Level 1  
  68  11:57  Marauder  
  68  11:58  Refinery, SCV x2  
  68  12:01  SCV x2  
  74  12:03  Refinery  
  74  12:05  Refinery, Missile Turret  
  74  12:07  Marine  
  74  12:08  Marine x3  
  78  12:10  SCV x2  
  78  12:11  Armory  
  78  12:13  Armory, SCV x2  
  82  12:22  Barracks  
  82  12:23  Barracks  
  82  12:26  Barracks  
  82  12:27  Marine x4  
  82  12:28  Marauder  
  88  12:30  Medivac x2  
  92  12:42  Siege Tank  
  77  12:56  Marine x4  
  77  12:57  Marauder  
  83  13:00  Medivac x2  
  86  13:15  Siege Tank  
  87  13:29  Marine  
  87  13:30  Marine x4  
  70  13:47  Siege Tank, Marine x2  
  70  13:48  Marine  
  50  14:07  Terran Infantry Weapons Level 2  
  50  14:08  Terran Infantry Armor Level 2  
  50  14:12  Marine x5  
  50  14:16  Supply Depot  
  55  14:17  Supply Depot  
  55  14:18  Supply Depot  
  55  14:23  SCV x3  
  56  14:35  SCV x3  
  56  14:37  Missile Turret  
  59  14:42  Orbital Command  
  59  14:46  Viking x2  
  59  14:48  Siege Tank  
  53  15:01  Missile Turret  
  46  15:16  Viking x2  
  46  15:18  SCV  
  46  15:21  SCV  
  51  15:31  SCV  
  51  15:33  SCV  
  51  15:34  Missile Turret  
  52  15:36  Missile Turret  
  52  15:43  SCV  
  52  15:44  Missile Turret  
  52  15:45  SCV  
  52  15:46  Marine x4  
  52  15:47  Marine  
  59  15:55  SCV  
  60  15:57  SCV  
  60  15:59  Refinery  
  60  16:00  Refinery  
  61  16:04  Marine x3  
  61  16:09  SCV  
  56  16:41  Marine x3  
  56  16:42  Marine  
Tags
 
Composition
MMM Bio
League
Gold
Matchup
TvT
Race
Terran
Replay Pack
Nickos replay
Add a new tag
Caveats
  • Supply blocks, unpowered buildings, or Contaminate may cause inaccurate times.
  • Supply counts are checked every 10 seconds.